 Dungeon Crawl Stone Soup version 0.17-a0-1468-gbf503c2 (webtiles) character file.

74 patman the Cudgeler (level 4, -8/36 HPs)
             Began as a Centaur Gladiator on July 1, 2015.
             Mangled by a hellwing (11 damage)
             ... summoned by Xom
             ... on level 2 of the Dungeon.
             The game lasted 00:02:25 (830 turns).

patman the Cudgeler (Centaur Gladiator)              Turns: 830, Time: 00:02:25

Health: -8/36      AC:  5    Str: 17      XL:     4   Next: 10%
Magic:  4/4        EV:  9    Int:  7      God:
Gold:   26         SH:  0    Dex:  9 (11) Spells: 0 memorised, 3 levels left

rFire  . . .     SeeInvis .     a - +0 flail
rCold  . . .     Clarity  .     b - +0 leather armour
rNeg   . . .     SustAt   .     (no shield)
rPois  .         Gourm    .     c - +0 helmet
rElec  .         Spirit   .     (no cloak)
rCorr  .         Warding  .     (no gloves)
rMut   .         Stasis   .     (no barding)
MR     .....                    (no amulet)
Stlth  ..........               (no ring)
                                (no ring)

@: confused, about to teleport, very quick, not resistant to hostile
enchantments, extremely unstealthy
A: hooves 3, deformed body, speed 2, tough skin 3
a: no special abilities


You were on level 2 of the Dungeon.
You were not hungry.

You visited 1 branch of the dungeon, and saw 2 of its levels.

You collected 26 gold pieces.

Inventory:

Hand weapons
 a - a +0 flail (weapon)
Missiles
 d - 3 throwing nets (quivered)
Armour
 b - a +0 leather armour (worn)
 c - a +0 helmet (worn)
Scrolls
 g - a scroll of remove curse {unknown}
 h - a scroll of random uselessness {unknown}
 k - a scroll of identify {unknown}
 n - a scroll of blinking {unknown}
 o - 2 scrolls of recharging {unknown}
Potions
 f - a potion of resistance {unknown}
 i - a potion of brilliance {unknown}
 l - 2 potions of curing {unknown}
 m - a potion of heal wounds {unknown}
Comestibles
 e - 3 bread rations
 j - a beef jerky
 p - 2 chunks of flesh


   Skills:
 - Level 2.0 Fighting
 + Level 4.5 Maces & Flails
 - Level 2.6 Throwing
 - Level 2.1 Dodging


You had 3 spell levels left.
You didn't know any spells.

Dungeon Overview and Level Annotations

Branches:
Dungeon (2/15)

Altars:
Xom
The Shining One


Innate Abilities, Weirdness & Mutations

You have hooves in place of feet.
Armour fits poorly on your strangely shaped body.
You cover ground very quickly.
You have extremely tough skin (AC +3).


Message History

The quasit claws you but does no damage.
The hellwing hits you.
* * * LOW HITPOINT WARNING * * *
The hellwing hits you.
* * * LOW HITPOINT WARNING * * *
You miss the ufetubus. The ufetubus barely misses you.
The ufetubus hits you but does no damage.
The quasit closely misses you.
The quasit claws you but does no damage.
The quasit barely misses you. The quasit bites you.
* * * LOW HITPOINT WARNING * * *
The quasit claws you.
* * * LOW HITPOINT WARNING * * *
The quasit claws you but does no damage.
The ufetubus hits you.
* * * LOW HITPOINT WARNING * * *
The ufetubus barely misses you. The quasit barely misses you.
The quasit claws you but does no damage. x2
The hellwing hits you!
You die...

#...# #.#.# ## ....#
#.#.# .
#...##########.#.#.#
......^(..(....#.#.#
##[)...............#
########.####.#.###
##'## #.#.#
#♣...♣##.#4#######.#
#.....##.5@5.......#
#♣...♣####5#########
#.....# #.# ###_###
#.# ### ..# ###


You could see a hellwing, 2 quasits and an ufetubus.

Vanquished Creatures
  Robin (D:2)
  An adder (D:2)
  A worm (D:2)
  5 giant geckos
  A giant cockroach (D:1)
  10 goblins
  2 hobgoblins (D:1)
  7 jackals (D:1)
  A quokka (D:2)
  4 bats
  2 giant newts (D:1)
  4 kobolds
  6 rats
45 creatures vanquished.

Notes
Turn   | Place    | Note
--------------------------------------------------------------
     0 | D:1      | patman the Centaur Gladiator began the quest for the Orb.
     0 | D:1      | Reached XP level 1. HP: 17/17 MP: 1/1
    87 | D:1      | Reached skill level 3 in Maces & Flails
   152 | D:1      | Reached XP level 2. HP: 12/24 MP: 2/2
   260 | D:1      | Reached XP level 3. HP: 12/29 MP: 3/3
   659 | D:2      | Found a faded altar to an unknown god.
   663 | D:2      | Reached skill level 4 in Maces & Flails
   678 | D:2      | Became a worshipper of Xom of Malicious Giggling
   679 | D:2      | Fell from the grace of Xom
   712 | D:2      | Noticed Robin
   715 | D:2      | Killed Robin
   738 | D:2      | XOM: 4-stop teleportation journey
   766 | D:2      | Found a glowing golden altar of the Shining One.
   792 | D:2      | Reached XP level 4. HP: 13/36 MP: 4/4
   826 | D:2      | XOM: summons 4 hostile demons
   827 | D:2      | Noticed a hellwing
   830 | D:2      | Mangled by a hellwing

Vault maps used:
D:1:      scummos_arrival_hexagon, serial_bayou_pond_c
D:2:      tso_altar, minitemple, first_bread, ecumenical_altar_2, uniq_robin

Action                   |  1- 3 |  4- 6 || total
-------------------------+-------+-------++-------
Melee: Flail             |   105 |     1 ||   106
Invok: Renounce Religion |     1 |       ||     1
